AoeStats
← 极地沙尘暴

Arabia

507475398Analyzed
1v1 RM · 14d ago on Sep 18, 2026· 62m 38s· 2 players
Game mode
Random Map
Map size
Tiny (2 player)
Population
200
Speed
Normal
Resources
Standard
Victory
Conquest
Starting age
Dark Age
Ending age
Imperial Age
RankedLock teamsTeams togetherTeam positionsShared explorationLock speedFull tech treeHidden civsTurbo modeCheats
Victory
Defeat
🇨🇳 Sicilians · China
1459
+15
🇹🇷 Italians · Türkiye
1440
-15
CAKIR
6:11 Loom
8:54 Feudal Age
10:35 Double-Bit Axe
12:36 Fletching
19:33 Padded Archer Armor
23:14 Castle Age
21:04 Horse Collar
21:34 Stone Mining
22:29 Gold Mining
23:17 Crossbowman
23:56 Bodkin Arrow
30:13 Wheelbarrow
31:48 Bow Saw
32:59 Leather Archer Armor
33:24 Heavy Plow
40:17 Imperial Age
39:35 Bloodlines
39:26 Husbandry
41:51 Scale Barding Armor
42:34 Conscription
43:20 Bracer
45:23 Chemistry
46:47 Ring Archer Armor
47:20 Ballistics
48:02 Elite Genoese Crossbowman
49:04 Chain Barding Armor
48:58 Forging
50:31 Plate Barding Armor
51:19 Iron Casting
52:52 Cavalier
53:53 Hand Cart
55:38 Blast Furnace
58:01 Light Cavalry
60:29 Town Watch
极地沙尘暴
6:19 Loom
8:57 Feudal Age
9:26 Double-Bit Axe
9:44 Horse Collar
15:38 Fletching
21:37 Castle Age
20:38 Scale Barding Armor
21:03 Gold Mining
21:43 Elite Skirmisher
22:54 Bow Saw
28:44 Wheelbarrow
29:12 Town Watch
34:09 Imperial Age
32:22 Bodkin Arrow
33:00 Padded Archer Armor
35:07 Cavalier
39:29 Forging
39:59 Conscription
42:20 Bloodlines
42:11 Husbandry
43:39 First Crusade
43:59 Hand Cart
45:31 Scale Mail Armor
47:41 Ballistics
48:10 Bracer
48:26 Leather Archer Armor
52:10 Chemistry
56:10 Capped Ram
57:18 Crossbowman
58:27 Arbalester
60:18 Siege Ram
Connection lost

Rejoining the realm…

Still unreachable

The connection could not be restored.

Session expired

The server has moved on; the page needs a fresh start.